 Dungeon Crawl Stone Soup version 0.30.0 (webtiles) character file.

Game seed: 1213228330458123345

3500924 jagoly the Minotaur Cataclysm (level 25, 249/249 HPs)
             Began as a Minotaur Monk on May 19, 2023.
             Was a High Priest of Qazlal.
             Escaped with the Orb
             ... and 5 runes!
             The game lasted 04:52:23 (61467 turns).

jagoly the Minotaur Cataclysm (Minotaur Monk)      Turns: 61467, Time: 04:52:24

Health: 249/249    AC: 45    Str: 36    XL:     25
Magic:  8/39       EV:  9    Int:  7    God:    Qazlal [*****.]
Gold:   4384       SH:  7    Dex: 17    Spells: 24/24 levels left

rFire   + + +        a - +9 executioner's axe (spect)
rCold   + + .        (shield currently unavailable)
rNeg    + . .        U - +6 gold dragon scales
rPois   +            e - +2 hat {Will+}
rElec   .            Q - +1 cloak "Zubleo" {Regen+ Str+5 Dex-4}
rCorr   .            h - +2 pair of gloves {Str+3}
SInv    +            u - +2 pair of boots {rampage}
Will    ++++.        P - amulet "Waes" {Regen+ Str-3 Dex+9} Stlth
                     C - ring "Arriuwom" {rF+ rC+ rN+ Str+2}
HPRegen 2.21/turn    f - ring of the Equinox {rF+ Will++ Str+3 Dex-3 SInv}
MPRegen 0.26/turn

%: repel missiles, rampage
@: studying Poison Magic
A: horns 2, no stealth, no air magic, no conjurations magic, no transmutations
magic, reduced EV 1, unskilled 1, inexperienced 2, retaliatory headbutt, fire
resistance 1, poison resistance, no potion heal 1
0: Orb of Zot
}: 5/15 runes: decaying, serpentine, slimy, silver, abyssal
a: Renounce Religion, Upheaval, Elemental Force, Disaster Area


You escaped.
You worshipped Qazlal.
Qazlal was extremely pleased with you.
You visited 12 branches of the dungeon, and saw 56 of its levels.
You visited the Abyss 8 times.
You also visited: Trove, Sewer and Desolation.

You collected 7597 gold pieces.
You spent 3213 gold pieces at shops.

Inventory:

Hand Weapons
 a - a +9 spectral executioner's axe (weapon)
 b - a +5 vampiric executioner's axe
Missiles
 d - 2 silver boomerangs
 r - 81 poisoned darts
 x - a silver javelin
 L - a throwing net
 M - 10 curare-tipped darts
 N - 20 boomerangs (quivered)
 V - 11 javelins
Armour
 e - a +2 hat of willpower (worn)
 h - a +2 pair of gloves of strength (worn)
 u - a +2 pair of boots of rampaging (worn)
 Q - the +1 cloak "Zubleo" (worn) {Regen+ Str+5 Dex-4}
   (You bought it in a shop on level 2 of the Orcish Mines)

   Str:       It affects your strength (+5).
   Dex:       It affects your dexterity (-4).
   Regen:     It increases your rate of health regeneration.
 U - +6 gold dragon scales (worn)
Jewellery
 f - the ring of the Equinox (right hand) {rF+ Will++ Str+3 Dex-3 SInv}
   (You found it in a treasure trove)

   [ring of see invisible]

   Str:       It affects your strength (+3).
   Dex:       It affects your dexterity (-3).
   rF:        It protects you from fire.
   SInv:      It lets you see invisible.
   Will:      It greatly increases your willpower.
 j - the ring "Ungaosest" {rPois rN+ Str+2 SInv}
   (You found it in the Desolation of Salt)

   [ring of see invisible]

   Str:       It affects your strength (+2).
   rPois:     It protects you from poison.
   rN:        It protects you from negative energy.
   SInv:      It lets you see invisible.
 m - the ring "Yrchirowk" {Fly rCorr Int+6 Dex+4 Stlth-}
   (You found it in a treasure trove)

   [ring of intelligence]

   Int:       It affects your intelligence (+6).
   Dex:       It affects your dexterity (+4).
   Fly:       It grants you flight.
   rCorr:     It protects you from acid and corrosion.
   Stlth:     It makes you less stealthy.
 q - the ring of the Mackerel {rF++ rC- Will+ Stlth+}
   (You found it in a treasure trove)

   [ring of willpower]

   rF:        It greatly protects you from fire.
   rC:        It makes you vulnerable to cold.
   Will:      It increases your willpower.
   Stlth:     It makes you more stealthy.
 C - the ring "Arriuwom" (left hand) {rF+ rC+ rN+ Str+2}
   (You found it on level 5 of the Vaults)

   [ring of protection from fire]

   Str:       It affects your strength (+2).
   rF:        It protects you from fire.
   rC:        It protects you from cold.
   rN:        It protects you from negative energy.
 O - the ring "Otwarche" {rPois rN+ Will+}
   (You acquired it on level 4 of the Depths)

   [ring of poison resistance]

   rPois:     It protects you from poison.
   rN:        It protects you from negative energy.
   Will:      It increases your willpower.
 P - the amulet "Waes" (around neck) {Regen+ Str-3 Dex+9}
   (You bought it in a shop on level 5 of the Dungeon)

   [amulet of regeneration]

   Str:       It affects your strength (-3).
   Dex:       It affects your dexterity (+9).
   Regen:     It increases your rate of health regeneration.
Wands
 G - a wand of iceblast (69)
 W - a wand of light (18)
 X - a wand of paralysis (71)
 Y - a wand of digging (25)
Scrolls
 k - 9 scrolls of poison
 p - 7 scrolls of fear
 t - 4 scrolls of silence
 y - 24 scrolls of teleportation
 D - 8 scrolls of vulnerability
 I - 4 scrolls of summoning
 J - 2 scrolls of immolation
 K - 2 scrolls of blinking
 S - 2 scrolls of brand weapon
Potions
 c - 3 potions of ambrosia
 g - 3 potions of invisibility
 i - 2 potions of heal wounds
 l - 3 potions of resistance
 n - a potion of haste
 o - 7 potions of flight
 A - 15 potions of mutation
 B - 17 potions of attraction
 E - 6 potions of cancellation
 F - 16 potions of curing
 H - 2 potions of magic
 T - 11 potions of might
Miscellaneous
 v - a box of beasts
 w - a phantom mirror
 z - a phial of floods
 Z - a condenser vane


   Skills:
 - Level 25.0 Fighting
 * Level 25.9 Axes
 - Level 16.0 Throwing
 - Level 25.0 Armour
 - Level 12.0 Dodging
 O Level 27 Invocations


You had 24 spell levels left.
You didn't know any spells.
Your spell library contained the following spells:

 Spells                   Type           Power      Damage    Failure   Level
 Freeze                   Ice            0%         1d3       91%         1
 Necrotise                Necr           0%         1d4       91%         1
 Sandblast                Erth           0%         2d4       91%         1
 Slow                     Hex            0%         N/A       91%         1
 Blink                    Tloc           0%         N/A       97%         2
 Call Imp                 Summ           0%         N/A       97%         2
 Lesser Beckoning         Tloc           0%         N/A       97%         2
 Sublimation of Blood     Necr           0%         N/A       97%         2
 Confusing Touch          Hex            0%         N/A       100%        3
 Frozen Ramparts          Ice            0%         1d1       100%        3
 Gell's Gravitas          Tloc           0%         N/A       100%        3
 Inner Flame              Hex/Fire       0%         N/A       100%        3
 Ozocubu's Armour         Ice            0%         N/A       100%        3
 Portal Projectile        Hex/Tloc       0%         N/A       100%        3
 Summon Guardian Golem    Hex/Summ       0%         N/A       100%        3
 Teleport Other           Tloc           0%         N/A       100%        3
 Tukima's Dance           Hex            0%         N/A       100%        3
 Vampiric Draining        Necr           0%         2d6       100%        3
 Volatile Blastmotes      Fire/Tloc      0%         2d10      100%        3
 Anguish                  Hex/Necr       0%         N/A       100%        4
 Animate Dead             Necr           0%         N/A       100%        4
 Cause Fear               Hex            0%         N/A       100%        4
 Dispel Undead            Necr           0%         3d6       100%        4
 Manifold Assault         Tloc           0%         N/A       100%        4
 Olgreb's Toxic Radiance  Pois           0%         N/A       100%        4
 Passage of Golubria      Tloc           0%         N/A       100%        4
 Summon Ice Beast         Ice/Summ       0%         N/A       100%        4
 Agony                    Necr           0%         N/A       100%        5
 Borgnjor's Vile Clutch   Necr/Erth      0%         N/A       100%        5
 Metabolic Englaciation   Hex/Ice        0%         N/A       100%        5
 Summon Mana Viper        Hex/Summ       0%         N/A       100%        5
 Death Channel            Necr           0%         N/A       100%        6
 Dispersal                Tloc           0%         N/A       100%        6
 Simulacrum               Ice/Necr       0%         N/A       100%        6
 Enfeeble                 Hex            0%         N/A       100%        7
 Haunt                    Necr/Summ      0%         N/A       100%        7
 Monstrous Menagerie      Summ           0%         N/A       100%        7
 Ozocubu's Refrigeration  Ice            0%         4d7       100%        7
 Summon Hydra             Summ           0%         N/A       100%        7
 Borgnjor's Revivificati  Necr           0%         N/A       100%        8
 Discord                  Hex            0%         N/A       100%        8
 Disjunction              Tloc           0%         N/A       100%        8
 Infestation              Necr           0%         N/A       100%        8
 Death's Door             Necr           0%         N/A       100%        9
 Dragon's Call            Summ           0%         N/A       100%        9
 Polar Vortex             Ice            0%         N/A       100%        9
 Kiss of Death            Conj/Necr      Unusable   2d5       N/A         1
 Magic Dart               Conj           Unusable   1d3       N/A         1
 Sting                    Tmut/Pois      Unusable   1d3       N/A         1
 Cigotuvi's Dreadful Rot  Necr/Pois/Air  Unusable   N/A       N/A         2
 Passwall                 Tmut/Erth      Unusable   N/A       N/A         2
 Poisonous Vapours        Pois/Air       Unusable   N/A       N/A         2
 Wereblood                Tmut           Unusable   N/A       N/A         2
 Hailstorm                Conj/Ice       Unusable   3d3       N/A         3
 Mephitic Cloud           Conj/Pois/Air  Unusable   N/A       N/A         3
 Stone Arrow              Conj/Erth      Unusable   3d7       N/A         3
 Vhi's Electric Charge    Tloc/Air       Unusable   N/A       N/A         3
 Ice Form                 Ice/Tmut       Unusable   N/A       N/A         4
 Summon Lightning Spire   Summ/Air       Unusable   N/A       N/A         4
 Blade Hands              Tmut           Unusable   N/A       N/A         5
 Irradiate                Conj/Tmut      Unusable   3d11      N/A         5
 Yara's Violent Unravell  Hex/Tmut       Unusable   3d3       N/A         5
 Conjure Ball Lightning   Conj/Air       Unusable   3x3d6     N/A         6
 Dragon Form              Tmut           Unusable   N/A       N/A         7
 Orb of Destruction       Conj           Unusable   9d5       N/A         7
 Spellforged Servitor     Conj/Summ      Unusable   N/A       N/A         7
 Storm Form               Tmut/Air       Unusable   N/A       N/A         7
 Maxwell's Capacitive Co  Air            Unusable   ∞         N/A         8

Dungeon Overview and Level Annotations

Branches:
Dungeon (15/15)            Temple (1/1) D:6            Lair (5/5) D:9
  Swamp (4/4) Lair:2        Snake (4/4) Lair:2        Slime (5/5) Lair:4
    Orc (2/2) D:11            Elf (3/3) Orc:2        Vaults (5/5) D:13
  Crypt (3/3) Vaults:2       Tomb (0/3) Crypt:3      Depths (4/4) D:15
    Zot (5/5) Depths:4      Sewer (visited)         Desolation (visited)

Altars:
Ashenzari
Cheibriados
Dithmenos
Elyvilon
Fedhas
Gozag
Kikubaaqudgha
Makhleb
Nemelex Xobeh
Okawaru
Qazlal
Ru
Sif Muna
Uskayaw
Vehumet
Wu Jian
Xom
Yredelemnul
Zin
The Shining One
Lugonu

Shops:
D:5 (=[((   D:12 *   Orc:1 [   Orc:2 (*[*?   Vaults:1 [   Vaults:2 :
Vaults:3 (   Depths:1 ::=

Portals:
Hell: Depths:1 Depths:2 Depths:3 Depths:4
Abyss: Depths:3 Depths:4
Pandemonium: Depths:2 Depths:4
Ziggurat: Depths:4


Innate Abilities, Weirdness & Mutations

You have a pair of horns on your head.
You cannot be stealthy.
You cannot study or cast Air magic.
You cannot study or cast Conjurations magic.
You cannot study or cast Transmutations magic.
You have somewhat slow reflexes. (EV -5)
You are somewhat unskilled. (-1 Apt)
You are inexperienced. (-2 XL)
You reflexively headbutt those who attack you in melee.
Your flesh is heat resistant. (rF+)
Your system is resistant to poisons. (rPois)
Potions are less effective at restoring your health.


Message History

You feel protected from physical attacks.
Your +9 spectral executioner's axe is engulfed in freezing vapours.
You slice the electric golem!!
The electric golem is severely damaged.
Your +9 spectral executioner's axe misses the electric golem.
Your +9 spectral executioner's axe is engulfed in freezing vapours.
The electric golem closely misses you. The electric golem hits you.
The electric golem shocks you!!
Your resistance to physical damage fades away.
You feel protected from electricity. You block the electric golem's attack.
The electric golem closely misses you.
Your +9 spectral executioner's axe is engulfed in freezing vapours.
You miss the electric golem.
Your headbutt misses the electric golem.
The electric golem is severely damaged.
Your +9 spectral executioner's axe hits the electric golem!!!
You destroy the electric golem!
Qazlal accepts your kill.
Your +9 spectral executioner's axe is engulfed in freezing vapours.
Your +9 spectral executioner's axe disappears.
(D) Dungeon (T) Temple (L) Lair (S) Swamp (P) Snake Pit (M) Slime Pits (O) Orcish Mines (E) Elven Halls (V) Vaults (C) Crypt (W) Tomb (U) Depths (H) Hell (Z) Zot
Where to? (Enter - D:1 @ (x,y), ? - help)
Something shouts, "Thy lungs shall be my victuals!"
There is an escape hatch in the ceiling here.
Your protection from electricity is fading.
There is a stone staircase leading up here.
A smoke demon comes into view.
There is a stone staircase leading up here.
You climb upwards.
There is a stone staircase leading down here.
(D) Dungeon (T) Temple (L) Lair (S) Swamp (P) Snake Pit (M) Slime Pits (O) Orcish Mines (E) Elven Halls (V) Vaults (C) Crypt (W) Tomb (U) Depths (H) Hell (Z) Zot
Where to? (Enter - D:1 @ (x,y), ? - help)
You feel less protected from electricity.
An Orb Guardian comes into view.
The Orb Guardian is engulfed in blazing flames.
You slash the Orb Guardian!
The Orb Guardian is lightly wounded.
Your +9 spectral executioner's axe hits the Orb Guardian!!!!
You kill the Orb Guardian!
Qazlal accepts your kill.
No target in view!
No target in view!
(D) Dungeon (T) Temple (L) Lair (S) Swamp (P) Snake Pit (M) Slime Pits (O) Orcish Mines (E) Elven Halls (V) Vaults (C) Crypt (W) Tomb (U) Depths (H) Hell (Z) Zot
Where to? (Enter - D:1 @ (x,y), ? - help)
Your +9 spectral executioner's axe disappears.
A shadow demon comes into view.
You barely miss the shadow demon. Your headbutt misses the shadow demon.
Your +9 spectral executioner's axe hits the shadow demon!!
You slice the shadow demon!!
You kill the shadow demon!
Qazlal accepts your kill.
Your +9 spectral executioner's axe disappears.
No target in view!
(D) Dungeon (T) Temple (L) Lair (S) Swamp (P) Snake Pit (M) Slime Pits (O) Orcish Mines (E) Elven Halls (V) Vaults (C) Crypt (W) Tomb (U) Depths (H) Hell (Z) Zot
Where to? (Enter - D:1 @ (x,y), ? - help)
There is a stone staircase leading up, spattered with blood here.
You climb upwards.
There is a stone staircase leading down here.
You hear a hideous shriek!
There is a stone staircase leading up here.
You climb upwards.
There is a stone staircase leading down here.
A tormentor comes into view.
There is a stone staircase leading up here.
You climb upwards.
There is a stone staircase leading down here.
(D) Dungeon (T) Temple (L) Lair (S) Swamp (P) Snake Pit (M) Slime Pits (O) Orcish Mines (E) Elven Halls (V) Vaults (C) Crypt (W) Tomb (U) Depths (H) Hell (Z) Zot
Where to? (Enter - D:1 @ (x,y), ? - help)
You hear a chilling moan.
There is a gate leading back out of this place here.
You go up through the gate.
Welcome back to the Depths!
There is a gate to the Realm of Zot here.
There is an open door, spattered with blood here.
Items here: ))) [[.
You hear a roar!
There is a stone staircase leading up here.
You climb upwards.
There is a stone staircase leading down here.
A profane servitor comes into view. It is wielding a +1 whip.
You slice the profane servitor!!
Your headbutt misses the profane servitor.
The profane servitor is moderately damaged.
Your +9 spectral executioner's axe closely misses the profane servitor.
You block the profane servitor's attack. x2
You closely miss the profane servitor. You headbutt the profane servitor.
The profane servitor is moderately damaged.
Your +9 spectral executioner's axe hits the profane servitor!
The profane servitor hits you but does no damage. x2
You slice the profane servitor like a ripe choko!!!!
Your headbutt misses the profane servitor.
The profane servitor is almost destroyed.
Your +9 spectral executioner's axe hits the profane servitor!!!!
You destroy the profane servitor!
Qazlal accepts your kill.
No target in view!
(D) Dungeon (T) Temple (L) Lair (S) Swamp (P) Snake Pit (M) Slime Pits (O) Orcish Mines (E) Elven Halls (V) Vaults (C) Crypt (W) Tomb (U) Depths (H) Hell (Z) Zot
Where to? (Enter - D:1 @ (x,y), ? - help)
Your +9 spectral executioner's axe disappears.
There is an open door here.
An Orb Guardian comes into view.
You completely miss the Orb Guardian. You headbutt the Orb Guardian!
The Orb Guardian is lightly wounded.
Your +9 spectral executioner's axe hits the Orb Guardian!!!
You block the Orb Guardian's attack.
You barely miss the Orb Guardian. You headbutt the Orb Guardian!
The Orb Guardian is almost dead.
Your +9 spectral executioner's axe hits the Orb Guardian!!!
You kill the Orb Guardian!
Qazlal accepts your kill.
Your +9 spectral executioner's axe is engulfed in blazing flames. x2
No target in view!
No target in view!
(D) Dungeon (T) Temple (L) Lair (S) Swamp (P) Snake Pit (M) Slime Pits (O) Orcish Mines (E) Elven Halls (V) Vaults (C) Crypt (W) Tomb (U) Depths (H) Hell (Z) Zot
Where to? (Enter - D:1 @ (x,y), ? - help)
Your +9 spectral executioner's axe disappears.
There is a stone staircase leading up here.
You climb upwards.
There is a stone staircase leading down here.
A daeva comes into view.
It is wielding a +2 long sword of holy wrath and wearing a +1 tower shield of reflection.
A soul eater comes into view.
You hit the daeva.
The daeva is lightly wounded.
Your +9 spectral executioner's axe barely misses the daeva.
You hit the daeva.
The daeva is lightly wounded.
The daeva blocks your +9 spectral executioner's axe's attack.
The daeva calls down the wrath of the Shining One upon you.
The Shining One smites you!
You completely miss the daeva. You headbutt the daeva.
The daeva is lightly wounded.
The daeva blocks your +9 spectral executioner's axe's attack.
The daeva barely misses you. The daeva hits you but does no damage.
You slash the daeva!
The daeva is lightly wounded.
Your +9 spectral executioner's axe hits the daeva!!
The daeva blocks your attack.
The daeva is moderately wounded.
The daeva blocks your +9 spectral executioner's axe's attack.
The daeva calls down the wrath of the Shining One upon you.
The Shining One smites you! The daeva blocks your attack.
The daeva is moderately wounded.
Your +9 spectral executioner's axe barely misses the daeva.
The daeva calls down the wrath of the Shining One upon you.
The Shining One smites you!
You slice the daeva!!
You headbutt the daeva, but do no damage.
The daeva is severely wounded.
Your +9 spectral executioner's axe hits the daeva!!
You completely miss the daeva. Your headbutt misses the daeva.
The daeva is almost dead.
Your +9 spectral executioner's axe hits the daeva!
You kill the daeva!
Qazlal accepts your kill.
Your +9 spectral executioner's axe is engulfed in freezing vapours. x2
Your +9 spectral executioner's axe disappears.
You slice the soul eater!! Your headbutt misses the soul eater.
The soul eater is heavily wounded.
Your +9 spectral executioner's axe hits the soul eater!!
You kill the soul eater!
Qazlal accepts your kill.
No target in view!
No target in view!
No target in view!
(D) Dungeon (T) Temple (L) Lair (S) Swamp (P) Snake Pit (M) Slime Pits (O) Orcish Mines (E) Elven Halls (V) Vaults (C) Crypt (W) Tomb (U) Depths (H) Hell (Z) Zot
Where to? (Enter - D:1 @ (x,y), ? - help)
Your +9 spectral executioner's axe disappears.
HP restored.
There is a stone staircase leading up here.
You climb upwards.
There is a stone staircase leading down here.
There is a staircase back to the Dungeon here.
You climb upwards.
Welcome back to the Dungeon!
There is a staircase to the Depths here.
There is an open door here.
There is an open door here.
There is a stone staircase leading up here.
You climb upwards.
There is a stone staircase leading down here.
A cacodemon, an orange demon and 2 sixfirhies come into view.
You rampage towards the sixfirhy!
You slice the sixfirhy like a ripe choko!!!
You kill the sixfirhy!
Qazlal accepts your kill. The sixfirhy closely misses you.
The sixfirhy barely misses you. You furiously retaliate!
You headbutt the sixfirhy. You miss the sixfirhy.
The sixfirhy is lightly wounded.
Your +9 spectral executioner's axe hits the sixfirhy!!!
You kill the sixfirhy!
Qazlal accepts your kill.
You rampage towards the cacodemon!
You slash the cacodemon! You headbutt the cacodemon.
The cacodemon is lightly wounded.
Your +9 spectral executioner's axe hits the cacodemon but does no damage.
The orange demon stings you but does no damage.
The cacodemon hits you but does no damage. x2
You hit the cacodemon but do no damage. Your headbutt misses the cacodemon.
The cacodemon is lightly wounded.
Your +9 spectral executioner's axe barely misses the cacodemon.
Your +9 spectral executioner's axe is engulfed in freezing vapours. x2
You slice the cacodemon!!
The cacodemon is moderately wounded.
Your +9 spectral executioner's axe closely misses the cacodemon.
Your +9 spectral executioner's axe is engulfed in freezing vapours.
The orange demon stings you but does no damage.
The cacodemon hits you but does no damage.
The cacodemon closely misses you.
Your +9 spectral executioner's axe is engulfed in freezing vapours.
You hit the cacodemon. You headbutt the cacodemon!
The cacodemon is heavily wounded.
Your +9 spectral executioner's axe hits the cacodemon!!
Your +9 spectral executioner's axe is engulfed in freezing vapours. x2
You block the cacodemon's attack.
The cacodemon hits you but does no damage.
The orange demon stings you but does no damage.
You slice the cacodemon!!
The cacodemon is almost dead.
Your +9 spectral executioner's axe hits the cacodemon!!
You kill the cacodemon!
Qazlal accepts your kill.
Your +9 spectral executioner's axe is engulfed in freezing vapours. x2
You rampage towards the orange demon!
You barely miss the orange demon.
Your +9 spectral executioner's axe hits the orange demon!!
The orange demon stings you. The orange demon barely misses you.
You hit the orange demon but do no damage.
The orange demon is severely wounded.
Your +9 spectral executioner's axe hits the orange demon!!!
You kill the orange demon!
Qazlal accepts your kill.
No target in view!
(D) Dungeon (T) Temple (L) Lair (S) Swamp (P) Snake Pit (M) Slime Pits (O) Orcish Mines (E) Elven Halls (V) Vaults (C) Crypt (W) Tomb (U) Depths (H) Hell (Z) Zot
Where to? (Enter - D:1 @ (x,y), ? - help)
Your +9 spectral executioner's axe disappears.
HP restored.
A Hubez and an Executioner come into view.
Okay, then.
Press: ? - help, v - describe, . - travel
Here: Hubez, armed with a freezing touch (surrounded by freezing clouds)
The floor.
Press: ? - help, v - describe, . - travel
Here: Hubez, armed with a freezing touch (surrounded by freezing clouds)
The floor.
The Executioner gives a hideous shriek!
The Executioner is engulfed in freezing vapours.
The Executioner gestures.
The Executioner seems to speed up.
The Executioner is engulfed in freezing vapours.
The Executioner is engulfed in freezing vapours.
Hubez gestures at you. The bolt of energy hits you!!
The Executioner attacks as you move away!
The Executioner hits you!
The Executioner hits you but does no damage. x2
The Executioner hits you!
You feel protected from physical attacks.
The Executioner barely misses you. You block the Executioner's attack. x2
The Executioner hits you but does no damage. x2
You block the Executioner's attack.
The Executioner hits you but does no damage. x4
You block the Executioner's attack. The Executioner hits you!
The Executioner hits you but does no damage. x3
The Executioner barely misses you. The Executioner completely misses you.
There is a stone staircase leading up, spattered with blood here.
The Executioner hits you but does no damage.
You block the Executioner's attack.
The Executioner hits you but does no damage.
The Executioner hits you!
You feel more protected from physical attacks.
The Executioner hits you but does no damage.
The Executioner barely misses you.
The Executioner hits you but does no damage. x2
You block the Executioner's attack.
You climb upwards.
There is a stone staircase leading down here.
You barely miss the Executioner. Your headbutt misses the Executioner.
Your +9 spectral executioner's axe closely misses the Executioner.
You block the Executioner's attack.
The Executioner hits you but does no damage.
The Executioner closely misses you.
The Executioner hits you but does no damage. x3
You hit the Executioner but do no damage.
You headbutt the Executioner!
The Executioner is lightly wounded.
Your +9 spectral executioner's axe hits the Executioner.
You block the Executioner's attack.
The Executioner hits you but does no damage. x4
You block the Executioner's attack.
You open the Executioner like a pillowcase!!!
Your headbutt misses the Executioner.
The Executioner is almost dead.
Your +9 spectral executioner's axe closely misses the Executioner.
The Executioner hits you but does no damage.
You block the Executioner's attack.
The Executioner hits you but does no damage.
You block the Executioner's attack.
The Executioner hits you but does no damage.
The Executioner hits you.
You closely miss the Executioner.
The Executioner is almost dead.
Your +9 spectral executioner's axe hits the Executioner!!
You kill the Executioner!
Qazlal accepts your kill.
(D) Dungeon (T) Temple (L) Lair (S) Swamp (P) Snake Pit (M) Slime Pits (O) Orcish Mines (E) Elven Halls (V) Vaults (C) Crypt (W) Tomb (U) Depths (H) Hell (Z) Zot
Where to? (Enter - D:1 @ (x,y), ? - help)
Okay, then.
(D) Dungeon (T) Temple (L) Lair (S) Swamp (P) Snake Pit (M) Slime Pits (O) Orcish Mines (E) Elven Halls (V) Vaults (C) Crypt (W) Tomb (U) Depths (H) Hell (Z) Zot
Where to? (Enter - D:1 @ (x,y), ? - help)
Your +9 spectral executioner's axe disappears.
You see here 5 large rocks.
There is a stone staircase leading up here.
You climb upwards.
There is a stone staircase leading down here.
HP restored.
A ynoxinul comes into view.
The ynoxinul moves out of view.
Aiming: Dig
Press: ? - help, Shift-Dir - straight line You can't see that place. [a rock wall.]
The rock shatters into small pieces.
A Tzitzimitl comes into view.
Your protection from physical attacks is fading.
The ynoxinul gestures.
There is a stone staircase leading up here.
You climb upwards.
There is a stone staircase leading down, spattered with blood here.
(D) Dungeon (T) Temple (L) Lair (S) Swamp (P) Snake Pit (M) Slime Pits (O) Orcish Mines (E) Elven Halls (V) Vaults (C) Crypt (W) Tomb (U) Depths (H) Hell (Z) Zot
Where to? (Enter - D:1 @ (x,y), ? - help)
What level of the Dungeon? (default 1, ? - help)
Things that are here:
a +0 giant club; a +0 dire flail You feel less protected from physical attacks.
There is a stone staircase leading up here.
You climb upwards.
There is a stone staircase leading down here.
There is a stone staircase leading up, spattered with blood here.
You climb upwards.
There is a stone staircase leading down here.
There is an open door here.
You hear a roar!
There is an open door here.
There is a stone staircase leading up here.
You climb upwards.
There is a stone staircase leading down here.
There is a stone staircase leading up here.
You climb upwards.
There is a stone staircase leading down here.
There is a stone staircase leading up here.
You climb upwards.
There is a stone staircase leading down here.
There is a stone staircase leading up here.
You climb upwards.
There is a stone staircase leading down here.
A hell beast comes into view.
You rampage towards the hell beast!
The hell beast bites you but does no damage.
The hell beast tramples you.
You stumble backwards!
You barely miss the hell beast. You headbutt the hell beast!
The hell beast is lightly wounded.
Your +9 spectral executioner's axe hits the hell beast!!!
The hell beast bites you but does no damage.
You block the hell beast's attack.
You miss the hell beast. You headbutt the hell beast!
The hell beast is almost dead.
Your +9 spectral executioner's axe hits the hell beast!!
You kill the hell beast!
Qazlal accepts your kill.
Your +9 spectral executioner's axe is engulfed in a thunderstorm.
No target in view!
(D) Dungeon (T) Temple (L) Lair (S) Swamp (P) Snake Pit (M) Slime Pits (O) Orcish Mines (E) Elven Halls (V) Vaults (C) Crypt (W) Tomb (U) Depths (H) Hell (Z) Zot
Where to? (Enter - D:1 @ (x,y), ? - help)
Your +9 spectral executioner's axe disappears.
There is a stone staircase leading up here.
You climb upwards.
There is a stone staircase leading down here.
A Hogacoif and an Ice Fiend come into view.
Press: ? - help, v - describe, . - travel
Here: Hogacoif The floor.
Press: ? - help, v - describe, . - travel
Here: Hogacoif The floor.
As you read the scroll of teleportation, it crumbles to dust.
You feel strangely unstable.
You feel the Orb delaying your translocation!
The Ice Fiend roars!
You close the door.
There is a stone staircase leading down here.
You hear a screech!
There is an open door here.
You close the door.
Your surroundings suddenly seem different.
You block the ogre's attack.
You dice the ogre like an onion!!!
You kill the ogre!
Qazlal accepts your kill.
No target in view!
There is an escape hatch in the ceiling here.
A mysterious force pulls you upwards. The hatch slams shut behind you.
(D) Dungeon (T) Temple (L) Lair (S) Swamp (P) Snake Pit (M) Slime Pits (O) Orcish Mines (E) Elven Halls (V) Vaults (C) Crypt (W) Tomb (U) Depths (H) Hell (Z) Zot
Where to? (Enter - D:1 @ (x,y), ? - help)
There is a stone staircase leading up here.
You climb upwards.
There is a stone staircase leading down here.
There is a stone staircase leading up here.
You climb upwards.
An Orb Guardian comes into view.
There is a stone staircase leading down here.
You rampage towards the Orb Guardian!
You rampage towards the Orb Guardian!
You rampage towards the Orb Guardian!
You slice the Orb Guardian!!
The Orb Guardian is moderately wounded.
Your +9 spectral executioner's axe closely misses the Orb Guardian.
The Orb Guardian hits you but does no damage.
You closely miss the Orb Guardian.
You headbutt the Orb Guardian, but do no damage.
The Orb Guardian is moderately wounded.
Your +9 spectral executioner's axe hits the Orb Guardian!!!
The Orb Guardian hits you!
You barely miss the Orb Guardian. You headbutt the Orb Guardian!
You kill the Orb Guardian!
Qazlal accepts your kill.
Your +9 spectral executioner's axe disappears.
No target in view!
(D) Dungeon (T) Temple (L) Lair (S) Swamp (P) Snake Pit (M) Slime Pits (O) Orcish Mines (E) Elven Halls (V) Vaults (C) Crypt (W) Tomb (U) Depths (H) Hell (Z) Zot
Where to? (Enter - D:1 @ (x,y), ? - help) HP restored.
An Orb Guardian comes into view.
You rampage towards the Orb Guardian!
You rampage towards the Orb Guardian!
You cut the Orb Guardian into ribbons!!!
The Orb Guardian is heavily wounded.
Your +9 spectral executioner's axe hits the Orb Guardian!!
The Orb Guardian hits you but does no damage.
You slash the Orb Guardian!
You kill the Orb Guardian!
Qazlal accepts your kill.
Your +9 spectral executioner's axe disappears.
No target in view!
There is a staircase leading out of the dungeon here.
Activating: Disaster Area (0% risk of failure)
Press: ? - help, Dir - look around, f - activate Nature churns violently around you!
Activating: Disaster Area (0% risk of failure)
Press: ? - help, Dir - look around, f - activate Nature churns violently around you!
Activating: Disaster Area (0% risk of failure)
Press: ? - help, Dir - look around, f - activate Nature churns violently around you!
Activating: Disaster Area (0% risk of failure)
Press: ? - help, Dir - look around, f - activate Nature churns violently around you!
You have escaped!

#######################
##≈≈§§≈§§§≈§≈§≈≈≈≈≈≈≈##
##≈≈§≈≈§~§§~~§~~§≈§§§≈≈#
#≈≈§~~~§~~~~§§~§§~§§§≈§#
##~~~§§§§≈○°§.§§~§~~§§~≈##
###~~§§~§.≈.§.☼§§≈≈§§§~~~~~##
###~§~~§§§§∩.♣..@≈○≈≈§§§..~~~§##
#§§~.......≈§.§..≈.≈≈§§§.§§§~§~##
.§....♣..∩..§≈♣§§≈♣≈≈§.§∩...§.§.#
....∩.......§.§.≈≈≈.§.≈....∩..♣..
.♣.).....≈.≈.≈≈≈≈≈.≈.§.≈.........
.....♣......≈≈≈≈≈≈≈≈≈.§.......∩..
...........§.§.≈.≈..≈..≈........#
...........§≈≈≈.§≈.§≈.≈..........
.................................


There were no monsters in sight!

Vanquished Creatures
  the Royal Jelly (Slime:5)
  12 dread liches
  5 ancient liches
  3 orbs of fire (Zot:5)
  Mennas (Vaults:4)
  A juggernaut (Abyss:3)
  Sojobo (Vaults:3)
  2 Killer Klowns (Zot:5)
  Margery (Vaults:2)
  5 curse toes
  Vashnia (Snake:2)
  10 golden dragons
  Nikola (Snake:1)
  A profane servitor (Depths:3)
  3 bone dragons
  3 electric golems
  A doom hound (Crypt:3)
  Jorgrun (D:13)
  A shard shrike skeleton (Crypt:2)
  13 tentacled monstrosities
  26 Orb Guardians
  7 liches
  A walking earthen tome (Depths:3)
  Zenata (Vaults:4)
  3 deep elf blademasters
  A deep elf master archer (Elf:3)
  7 titans
  A walking frostbound tome (Depths:3)
  20 acid blobs
  2 Executioners
  7 quicksilver dragons
  12 tentacled starspawn
  2 walking divine tomes (Depths:3)
  12 death cobs
  A sphinx (shapeshifter) (Vaults:5)
  4 ancient champions
  9 shadow dragons
  Gastronok (D:9)
  3 sphinxes
  A thorn hunter (Swamp:4)
  6 tengu reavers
  Roxanne (Snake:1)
  8 fenstrider witches (Swamp:4)
  14 storm dragons
  4 rockslimes
  11 frost giants
  The ghost of Urrug the Eclecticist, an adept DjHW of Makhleb (D:15)
  3 revenants
  4 draconian monks
  2 nagarajas
  21 vault wardens
  11 azure jellies
  5 draconian knights
  A daeva (Depths:2)
  10 fire giants
  5 imperial myrmidons (Desolation)
  A shard shrike simulacrum (Abyss:3)
  Louise (Snake:4)
  A ghost moth (Zot:4)
  5 draconian scorchers
  14 deep elf sorcerers
  7 draconian stormcallers
  9 draconian shifters
  4 deep elf elementalists (Elf:3)
  11 ghouls
  2 curse skulls (Crypt:3)
  An angel (Abyss:3)
  2 cacodemons
  12 ironbound preservers
  30 very ugly things
  2 ophanim (Abyss:3)
  7 quicksilver oozes
  A juggernaut skeleton (Depths:3)
  6 war gargoyles
  A reaper (Crypt:3)
  6 ironbound thunderhulks
  2 deep elf demonologists
  8 stone giants
  4 draconian annihilators
  14 green draconians
  5 vampire knights
  The ghost of 333guts333 the Carver, a journeyman MiGl of Okawaru (D:15)
  2 spectral hellephants (Crypt:3)
  6 black draconians
  Nessos (D:13)
  12 deep elf annihilators
  3 bunyips (Swamp:4)
  9 eleionomae
  3 spark wasps (Depths:3)
  16 red draconians
  12 yellow draconians
  9 dire elephants
  A spark wasp (shapeshifter) (Vaults:5)
  6 purple draconians
  3 blizzard demons
  Snorg (D:12)
  9 white draconians
  2 spectral elves (Crypt:3)
  9 deep elf death magi
  2 eidola
  6 green deaths
  3 crystal guardians
  9 ettins
  12 fire dragons
  An entropy weaver (Vaults:1)
  3 rakshasas
  19 jiangshi
  11 deep elf high priests
  A quicksilver dragon zombie (Depths:3)
  An entropy weaver (shapeshifter) (D:14)
  Josephine (D:12)
  3 shambling mangroves
  36 vault guards
  7 ice dragons
  2 ghost crabs (Swamp:3)
  7 ragged hierophants (Desolation)
  5 salamander tyrants
  12 great orbs of eyes
  4 hell beasts
  8 yaktaur captains
  9 servants of whispers (Desolation)
  8 peacekeepers
  3 spriggan skeletons
  12 hydras
  8 spriggan air magi
  4 ogre magi
  A catoblepas (Lair:4)
  An anaconda (shapeshifter) (D:13)
  10 two-headed ogres
  A fenstrider witch skeleton (Crypt:3)
  8 ironbound frosthearts
  5 boulder beetles
  8 vampire magi
  11 centaur warriors
  2 death knights (Abyss:3)
  8 anacondas
  A tengu warrior (Depths:1)
  4 deep troll shamans (Depths:1)
  5 hell hogs (Abyss:3)
  8 alligators
  5 orc high priests (Orc:2)
  12 death yaks
  5 deep troll earth magi
  12 thrashing horrors (Abyss:3)
  34 dancing weapons
  19 naga sharpshooters
  18 naga warriors
  4 spriggan berserkers (Depths:2)
  9 shock serpents
  A storm dragon zombie (Zot:2)
  22 deep elf knights
  8 soul eaters
  A shadow wraith (Crypt:3)
  3 sun demons
  6 salamander mystics
  8 wretched stars (Abyss:3)
  16 hell knights
  11 sixfirhies
  3 iron trolls
  Sonja (D:12)
  2 skysharks
  5 flayed ghosts
  8 goliath frogs
  A spatial maelstrom (Abyss:3)
  2 cherubim (Abyss:3)
  16 skeletal warriors
  2 death drakes (Zot:2)
  9 bog bodies
  A glowing orange brain (shapeshifter) (Vaults:5)
  8 spriggan druids
  13 deep elf archers
  A shadow demon (Zot:4)
  44 deep trolls
  10 naga ritualists
  2 swamp dragons
  A spriggan simulacrum (Crypt:2)
  14 wizards
  8 glowing orange brains
  10 phantasmal warriors
  A shadow dragon zombie (Vaults:4)
  21 ironbound convokers
  A golden dragon skeleton (Crypt:3)
  8 lindwurms
  30 deep elf zephyrmancers
  2 frost giant zombies
  39 ugly things
  12 mana vipers
  5 necromancers
  4 orc sorcerers
  3 will-o-the-wisps
  A shadow dragon skeleton (Depths:3)
  26 deep elf pyromancers
  A stone giant zombie (Crypt:2)
  10 shining eyes
  A wolf spider (Vaults:5)
  A tengu skeleton (Depths:3)
  A manticore (D:13)
  21 salamanders
  8 orc knights
  4 worldbinders (Abyss:3)
  5 elephants (Lair:5)
  3 salamanders (shapeshifter)
  The ghost of Tolonkog the Digger, a novice FeRe of Gozag (D:10)
  5 cyclopes
  2 sphinx skeletons
  18 moths of wrath
  A stone giant skeleton (Vaults:2)
  An elephant (shapeshifter) (Vaults:5)
  33 black mambas
  Joseph (D:8)
  A molten gargoyle (Desolation)
  Maurice (D:9)
  3 guardian serpents
  2 rust devils (Depths:2)
  An ice statue (D:12)
  23 naga magi
  An apocalypse crab (Abyss:3)
  2 titan simulacra
  A centaur skeleton (Abyss:3)
  9 smoke demons
  19 vault sentinels
  9 orange demons
  10 komodo dragons
  12 cane toads
  A swamp worm zombie (Crypt:1)
  4 kobold demonologists
  3 rime drakes (Lair:3)
  3 yaktaur skeletons (Vaults:2)
  A tormentor (Abyss:3)
  49 yaktaurs
  A minotaur skeleton (Crypt:1)
  An efreet (Abyss:3)
  7 freezing wraiths
  3 red devils
  7 ancient zymes
  5 ice devils (D:12)
  2 bloated husks
  3 tengu conjurers
  2 harpy zombies (Abyss:3)
  A grey draconian skeleton (Crypt:3)
  A meliai (shapeshifter) (Vaults:5)
  2 wind drakes (shapeshifter)
  7 trolls
  3 hellwings
  A tarantella (Vaults:5)
  5 tyrant leeches
  Prince Ribbit (Lair:2)
  18 hornets
  6 polar bears
  43 saltlings (Desolation)
  A tarantella (shapeshifter) (D:13)
  8 raiju (Abyss:3)
  2 harpy skeletons
  15 dream sheep (Lair:5)
  Sigmund (D:5)
  6 blink frogs
  110 slime creatures
  23 spriggans
  A meliai zombie (Crypt:3)
  A culicivora (Vaults:5)
  8 flying skulls
  38 yaks
  4 wyverns
  7 water elementals
  3 air elementals
  A vampire (D:11)
  17 large abominations
  A shadow (Abyss:1)
  6 ynoxinuls
  6 wraiths
  A basilisk (shapeshifter) (D:13)
  A spriggan (shapeshifter) (Abyss:3)
  2 fire elementals
  2 redbacks
  3 chaos spawn
  6 neqoxecs
  4 steam dragons
  7 golden eyes
  6 basilisks
  Menkaure (D:6)
  5 wargs
  14 swamp worms
  A swamp worm (shapeshifter) (Vaults:5)
  An acid dragon (shapeshifter) (Elf:3)
  9 vampire mosquitoes
  2 acid dragons
  A skyshark zombie (Crypt:1)
  45 nagas
  19 water moccasins
  An ogre skeleton (Vaults:2)
  5 hell hounds (Abyss:3)
  39 orc warriors
  2 sky beasts (D:6)
  2 swamp drakes
  4 black bears
  3 ice beasts
  8 boggarts
  8 centaurs
  46 wolves
  10 ogres
  A phantom (D:4)
  A human zombie (Vaults:4)
  6 kobold brigands
  A yaktaur zombie (Crypt:1)
  A komodo dragon zombie (Crypt:3)
  3 necrophages
  2 scorpions
  6 human skeletons
  10 bullfrogs
  5 earth elementals
  An elf skeleton (Crypt:1)
  3 gnoll sergeants
  15 small abominations
  A cyclops zombie (Crypt:3)
  A spriggan zombie (Crypt:2)
  A water moccasin skeleton (Crypt:3)
  5 wights (D:10)
  16 killer bees
  4 howler monkeys
  9 electric eels
  4 crimson imps
  6 jellies
  3 quasits (Abyss:3)
  A hound (D:6)
  33 orc priests
  A black bear zombie (Crypt:2)
  A sleepcap (D:5)
  30 starcursed masses
  4 iguanas
  2 iron imps (Abyss:3)
  Crazy Yiuf (D:3)
  A gnoll bouda (D:7)
  20 orc wizards
  2 boggart zombies (Crypt:2)
  A boggart skeleton (Crypt:1)
  An ogre zombie (Crypt:2)
  A tengu zombie (Crypt:1)
  An acid dragon skeleton (Crypt:1)
  3 hound skeletons
  12 adders
  14 gnolls
  A howler monkey skeleton (Crypt:3)
  3 river rats
  2 shadow imps (Abyss:3)
  3 white imps
  12 ufetubi
  2 dart slugs
  85 orcs
  9 ball pythons
  4 bats
  15 endoplasms
  4 giant cockroaches
  4 goblins
  5 hobgoblins
  6 jackals
  30 kobolds
  2 quokkas
  3 training dummies (Orc:2)
  A dart slug zombie (Crypt:1)
  9 frilled lizards
  A gnoll zombie (Crypt:1)
  6 rats
  A bush (Lair:4)
  4 butterflies
  2 lurking horrors (Abyss:3)
  A spectral weapon (Zot:1)
  16 starspawn tentacles
2707 creatures vanquished.

Vanquished Creatures (collateral kills)
  A juggernaut (Depths:3)
  A golden dragon (Depths:3)
2 creatures vanquished.

Vanquished Creatures (others)
  A vault warden (Vaults:5)
  A frost giant (Vaults:5)
  A hydra (Lair:1)
  A goliath frog (Swamp:1)
  A tyrant leech (Swamp:3)
  An ufetubus (Abyss:3)
  An orc (Orc:1)
  A kobold (D:10)
  2 foxfires (Abyss:3)
  30 fungi
  26 plants
  8 spectral weapons
  10 starspawn tentacles (Abyss:3)
84 creatures vanquished.

Grand Total: 2793 creatures vanquished

Notes
Turn   | Place    | Note
-------+----------+-------------------------------------------
     0 | D:1      | jagoly the Minotaur Monk began the quest for the Orb.
     0 | D:1      | Reached XP level 1. HP: 19/19 MP: 0/0
   150 | D:1      | Reached XP level 2. HP: 27/27 MP: 1/1
   374 | D:1      | Reached skill level 5 in Axes
   446 | D:1      | Reached XP level 3. HP: 32/33 MP: 2/2
  1065 | D:2      | Found a stormy altar of Qazlal.
  1588 | D:3      | Reached XP level 4. HP: 38/40 MP: 3/3
  2179 | D:3      | Found a runed translucent door.
  2180 | D:3      | Noticed Crazy Yiuf
  2947 | D:4      | Noticed a phantom
  2959 | D:4      | Killed a phantom
  2960 | D:4      | Reached XP level 5. HP: 41/46 MP: 4/4
  3022 | D:4      | Found an ancient bone altar of Kikubaaqudgha.
  3027 | D:4      | Found a glowing silver altar of Zin.
  3076 | D:4      | Noticed an ogre
  3235 | D:5      | Entered Level 5 of the Dungeon
  3252 | D:5      | Found Weurys's Antique Armour Shop.
  3257 | D:5      | Found Zequnkal's Weapon Shop.
  3293 | D:5      | Noticed a centaur
  3295 | D:5      | Noticed Sigmund
  3310 | D:5      | Killed a centaur
  3314 | D:5      | Killed Sigmund
  3315 | D:5      | Reached XP level 6. HP: 38/52 MP: 5/5
  3418 | D:5      | Found Ulat's Weapon Boutique.
  3476 | D:5      | Noticed an ice beast
  3485 | D:5      | Killed an ice beast
  3486 | D:5      | Reached XP level 7. HP: 58/58 MP: 6/6
  3565 | D:5      | Found Tomienah's Jewellery Shop.
  3567 | D:5      | Found Zoujyikaa's Antique Weapon Emporium.
  3621 | D:5      | Reached skill level 10 in Axes
  3711 | D:5      | Found a stormy altar of Qazlal.
  3980 | D:5      | Reached skill level 1 in Armour
  4227 | D:6      | Reached skill level 5 in Fighting
  4227 | D:6      | Reached XP level 8. HP: 65/68 MP: 7/7
  4251 | D:6      | Noticed Menkaure
  4264 | D:6      | Killed Menkaure
  4341 | D:6      | Found a glowing drain.
  4356 | Sewer    | Entered a sewer
  4500 | Sewer    | Found a viscous altar of Jiyva.
  4812 | D:6      | Reached XP level 9. HP: 81/81 MP: 8/8
  4868 | D:6      | Found a staircase to the Ecumenical Temple.
  4883 | Temple   | Entered the Ecumenical Temple
  4928 | Temple   | Became a worshipper of Ru the Awakened
  4943 | Temple   | Gained mutation: You are somewhat unskilled. (-1 Apt) [Ru
                  | sacrifice]
  4943 | Temple   | Reached * piety under Ru
  5300 | D:6      | Found a snail-covered altar of Cheibriados.
  5494 | D:6      | Found a shadowy altar of Dithmenos.
  6246 | D:7      | Found a glowing golden altar of the Shining One.
  6552 | D:7      | Noticed a cyclops
  6558 | D:7      | Killed a cyclops
  6559 | D:7      | Reached XP level 10. HP: 74/88 MP: 9/9
  6613 | D:7      | Reached skill level 1 in Throwing
  7223 | D:7      | Found a white marble altar of Elyvilon.
  7412 | D:7      | Found a burning altar of Makhleb.
  7652 | D:8      | Found a sparkling altar of Nemelex Xobeh.
  7752 | D:8      | Noticed Joseph
  7782 | D:7      | Noticed a two-headed ogre
  7969 | D:7      | Killed a two-headed ogre
  7970 | D:7      | Reached skill level 5 in Armour
  8087 | D:9      | Gained mutation: You cannot be stealthy. [Ru sacrifice]
  8087 | D:9      | Reached ** piety under Ru
  8223 | D:5      | Bought a brightly glowing chain mail for 266 gold pieces
  8223 | D:5      | Identified the +5 chain mail of the Goldsmith {rCorr} (You
                  | bought it in a shop on level 5 of the Dungeon)
  8676 | D:9      | Found an opulent altar of Gozag.
  8685 | D:9      | Noticed Gastronok
  9018 | D:9      | Killed Gastronok
  9019 | D:9      | Reached XP level 11. HP: 99/99 MP: 10/10
  9070 | D:9      | Found a staircase to the Lair.
  9183 | D:9      | Reached skill level 10 in Fighting
  9346 | D:9      | Noticed Maurice
  9362 | D:9      | Killed Maurice
  9742 | D:10     | Entered Level 10 of the Dungeon
  9774 | D:10     | Noticed a soul eater
  9936 | D:10     | Found a runed translucent door.
  9939 | D:10     | Noticed Tolonkog's ghost (novice FeRe)
  9971 | D:10     | Reached skill level 10 in Armour
 10031 | D:10     | Noticed a two-headed ogre
 10032 | D:10     | Noticed a two-headed ogre
 10068 | D:9      | Killed a two-headed ogre
 10152 | D:10     | Gained mutation: You are somewhat inexperienced. (-1 XL)
                  | [Ru sacrifice]
 10152 | D:10     | Reached XP level 10. HP: 96/96 MP: 9/9
 10152 | D:10     | Reached *** piety under Ru
 10173 | D:10     | Found a radiant altar of Vehumet.
 10240 | D:10     | Killed a two-headed ogre
 10310 | D:10     | Found an ornate altar of the Wu Jian Council.
 10705 | D:10     | Killed Tolonkog's ghost
 10784 | D:11     | Found a staircase to the Orcish Mines.
 10898 | D:11     | Noticed a two-headed ogre
 10909 | D:11     | Killed a two-headed ogre
 10982 | D:11     | Noticed a two-headed ogre
 10982 | D:11     | Noticed a white ugly thing
 10999 | D:11     | Killed a two-headed ogre
 11000 | D:11     | Reached XP level 11. HP: 107/107 MP: 10/10
 11194 | D:11     | Noticed a two-headed ogre
 11209 | D:11     | Killed a two-headed ogre
 11291 | D:11     | Identified 2 scrolls of acquirement
 11292 | D:11     | Acquired a +5 executioner's axe of flaming
 11293 | D:11     | Acquired a manual of Axes
 11507 | Lair:1   | Entered Level 1 of the Lair of Beasts
 11693 | Lair:1   | Reached skill level 15 in Axes
 12210 | Lair:1   | Noticed a five-headed hydra
 12603 | Lair:1   | Killed a seven-headed hydra
 12665 | Lair:1   | Gained mutation: You are inexperienced. (-2 XL) [Ru
                  | sacrifice]
 12665 | Lair:1   | Reached XP level 10. HP: 103/103 MP: 9/9
 12665 | Lair:1   | Reached **** piety under Ru
 12665 | Lair:1   | Reached ***** piety under Ru
 12859 | Lair:2   | Noticed Prince Ribbit
 12889 | Lair:2   | Killed Prince Ribbit
 12932 | Lair:2   | Identified the +3 scale mail "Piptoafy" {Int+3}
 13013 | Lair:2   | Noticed a six-headed hydra
 13347 | Lair:2   | Killed a one-headed hydra
 13494 | Lair:2   | Found a staircase to the Snake Pit.
 13532 | Lair:2   | Found a staircase to the Swamp.
 14400 | Lair:3   | Reached XP level 11. HP: 110/110 MP: 10/10
 15005 | Lair:3   | Gained mutation: You cannot study or cast Air magic. [Ru
                  | sacrifice]
 15005 | Lair:3   | Gained mutation: You cannot study or cast Transmutations
                  | magic. [Ru sacrifice]
 15005 | Lair:3   | Gained mutation: You cannot study or cast Conjurations
                  | magic. [Ru sacrifice]
 15108 | Lair:3   | Noticed a fire dragon
 15117 | Lair:3   | Killed a fire dragon
 16046 | Lair:4   | Found a staircase to the Slime Pits.
 16262 | Lair:5   | Entered Level 5 of the Lair of Beasts
 16536 | Lair:5   | Reached skill level 5 in Throwing
 16645 | Lair:5   | Gained mutation: You have somewhat slow reflexes. (EV -5)
                  | [Ru sacrifice]
 16645 | Lair:5   | Reached ****** piety under Ru
 16836 | D:5      | Fell from the grace of Ru
 16836 | D:5      | Became a worshipper of Qazlal Stormbringer
 16974 | D:3      | Killed Crazy Yiuf
 17181 | D:8      | Killed Joseph
 17780 | D:12     | Noticed Josephine
 17860 | D:12     | Killed Josephine
 17862 | D:12     | Reached XP level 12. HP: 99/117 MP: 11/11
 17956 | D:12     | Noticed Snorg
 17964 | D:12     | Killed Snorg
 18225 | D:12     | Noticed Sonja
 18228 | D:12     | Killed Sonja
 18291 | D:12     | Reached * piety under Qazlal
 18665 | D:12     | Found Roumm's General Store.
 18671 | D:12     | Bought a potion of might for 56 gold pieces
 18671 | D:12     | Bought a scroll of blinking for 105 gold pieces
 18671 | D:12     | Bought a scroll of identify for 28 gold pieces
 19099 | D:13     | Noticed Nessos
 19115 | D:13     | Killed Nessos
 19357 | D:13     | Found a gate to the Vaults.
 19778 | D:13     | Noticed Jorgrun
 19791 | D:13     | Killed Jorgrun
 20065 | D:13     | Found a blossoming altar of Fedhas.
 21027 | Lair:4   | Reached ** piety under Qazlal
 21247 | Lair:5   | Paralysed by a hornet for 3 turns
 22030 | Orc:1    | Entered Level 1 of the Orcish Mines
 22039 | Orc:1    | Reached *** piety under Qazlal
 22536 | Orc:1    | You fall into a shaft and drop 1 floor!
 22536 | Orc:2    | Entered Level 2 of the Orcish Mines
 22565 | Orc:1    | Found Qydiz's Antique Armour Shop.
 22842 | Orc:2    | Found a staircase to the Elven Halls.
 22964 | Orc:2    | Found Tuamm's Firing Range.
 23042 | Orc:2    | Reached **** piety under Qazlal
 23165 | Orc:2    | Reached XP level 13. HP: 100/124 MP: 12/12
 24226 | Orc:2    | Reached skill level 1 in Invocations
 24363 | Orc:2    | Reached ***** piety under Qazlal
 24364 | Orc:2    | Reached skill level 2 in Invocations
 24373 | Orc:2    | Found Qankafyps's Assorted Antiques.
 24376 | Orc:2    | Found Enlat's Magic Scroll Emporium.
 24377 | Orc:2    | Found Umoiklap's Antique Armour Emporium.
 24378 | Orc:2    | Found Duskog's General Store.
 24458 | Orc:1    | Bought a steaming plate armour for 1036 gold pieces
 24458 | Orc:1    | Identified the +0 plate armour "Cyck" {Will+ Str+4 Dex+2
                  | Slay+2} (You bought it in a shop on level 1 of the Orcish
                  | Mines)
 24780 | Orc:2    | Bought a scroll of blinking for 75 gold pieces
 24783 | Orc:2    | Bought a pair of runed boots for 187 gold pieces
 24959 | D:14     | Found a sparkling altar of Nemelex Xobeh.
 25015 | D:14     | Identified the +4 robe of the Komodo Dragon {Regen+}
 25367 | D:14     | Reached skill level 3 in Invocations
 25630 | D:15     | Entered Level 15 of the Dungeon
 26013 | D:15     | Reached skill level 4 in Invocations
 26366 | D:15     | Found a runed translucent gate.
 26366 | D:15     | Found a runed translucent gate.
 26366 | D:15     | Found a runed translucent gate.
 26366 | D:15     | Noticed Urrug's ghost (adept DjHW)
 26367 | D:15     | Noticed 333guts333's ghost (journeyman MiGl)
 26488 | D:15     | Found a glowing silver altar of Zin.
 26526 | D:15     | Found a staircase to the Depths.
 27153 | Orc:2    | Bought a dazzling cloak for 351 gold pieces
 27153 | Orc:2    | Identified the +1 cloak "Zubleo" {Regen+ Str+5 Dex-4} (You
                  | bought it in a shop on level 2 of the Orcish Mines)
 27388 | Swamp:1  | Entered Level 1 of the Swamp
 27397 | Lair:2   | Reached skill level 5 in Invocations
 27997 | Swamp:1  | You fall into a shaft and drop 1 floor!
 28003 | Swamp:2  | Reached skill level 6 in Invocations
 28050 | Swamp:2  | Reached XP level 14. HP: 118/133 MP: 17/17
 28283 | Swamp:2  | Reached skill level 15 in Armour
 28546 | Swamp:2  | Reached skill level 15 in Fighting
 28883 | Swamp:3  | Reached skill level 7 in Invocations
 29296 | Swamp:3  | Found a shadowy altar of Dithmenos.
 29408 | Swamp:4  | Entered Level 4 of the Swamp
 30075 | Swamp:4  | Reached skill level 8 in Invocations
 30856 | Swamp:4  | Reached ****** piety under Qazlal
 30859 | Swamp:4  | Reached skill level 9 in Invocations
 30894 | Swamp:4  | Reached XP level 15. HP: 117/143 MP: 20/20
 31315 | Swamp:4  | Paralysed by a fenstrider witch for 2 turns
 31540 | Swamp:4  | Got a decaying rune of Zot
 32149 | D:15     | Killed Urrug's ghost
 32151 | D:15     | Killed 333guts333's ghost
 32355 | Snake:1  | Entered Level 1 of the Snake Pit
 32376 | Snake:1  | Identified Roxanne's Compilation of the Switch
 32376 | Snake:1  | Noticed Roxanne
 32616 | Snake:1  | Reached skill level 10 in Invocations
 32617 | Snake:1  | Reached skill level 10 in Throwing
 32758 | Snake:1  | Noticed Nikola
 32771 | Snake:1  | Killed Nikola
 33307 | Snake:1  | Killed Roxanne
 33559 | Snake:2  | Noticed Vashnia
 33617 | Snake:2  | Killed Vashnia
 33777 | Snake:2  | You fall into a shaft and drop 1 floor!
 33816 | Snake:3  | Reached XP level 16. HP: 155/155 MP: 22/22
 34681 | Snake:4  | Entered Level 4 of the Snake Pit
 34819 | Snake:4  | Identified the ring of Doistan {*Slow rN+ MP+9 Int+6 Dex+2}
 34994 | Snake:4  | Reached skill level 5 in Dodging
 35244 | Snake:4  | Noticed Louise
 35250 | Snake:4  | Killed Louise
 35498 | Snake:4  | Identified the ring of Maomex {+Blink rN+ Int+6 Dex-5}
 35537 | Snake:4  | Got a serpentine rune of Zot
 36031 | Vaults:1 | Entered Level 1 of the Vaults
 36228 | Vaults:1 | Reached skill level 11 in Invocations
 36514 | Vaults:1 | Reached XP level 17. HP: 107/163 MP: 24/24
 36711 | Vaults:1 | Found Zepotz's Antique Armour Shop.
 37456 | Vaults:2 | You fall into a shaft and drop 2 floors!
 37492 | Vaults:4 | Noticed Zenata
 37500 | Vaults:4 | Killed Zenata
 37609 | Vaults:4 | Found a crumbling gateway.
 37631 | Desolati | Entered the Desolation of Salt
 37639 | Desolati | Reached skill level 12 in Invocations
 37747 | Desolati | Identified the +8 glaive of the Dull God {pain, Fly rN+
                  | Str-3 SInv}
 37747 | Desolati | Identified the amulet "Wyonoh" {RegenMP Fragile +Blink
                  | rN+++ Str+2}
 37936 | Desolati | Reached skill level 10 in Dodging
 38263 | Desolati | Identified the +4 scale mail of Raelozod {Str+2 Stlth+}
 38296 | Desolati | Identified the +5 quarterstaff of Cobwebs {flame, *Corrode
                  | rElec rN+ Int+2 Dex+2}
 38391 | Desolati | Identified the ring "Ungaosest" {rPois rN+ Str+2 SInv}
 38395 | Desolati | Identified the +3 ring mail "Ostyot" {*Corrode Will+ Int+8
                  | Dex+2}
 38399 | Desolati | Identified the +0 dagger "Vief" {vamp, rPois Int+3 Dex+2}
 38576 | Vaults:4 | Reached XP level 18. HP: 102/172 MP: 19/26
 38662 | Vaults:4 | Acquired 642 gold pieces
 38748 | Vaults:3 | Found Bareg's Antique Weapon Shop.
 38767 | Vaults:3 | Noticed Sojobo
 38780 | Vaults:3 | Killed Sojobo
 39016 | Vaults:2 | Acquired a manual of Fighting
 39351 | Vaults:2 | Found a staircase to the Crypt.
 39567 | Vaults:2 | Noticed Margery
 39578 | Vaults:2 | Killed Margery
 39836 | Vaults:2 | Found Eqikkemm's Book Emporium.
 40228 | Vaults:3 | Reached skill level 13 in Invocations
 41350 | Vaults:4 | Noticed Mennas
 41380 | Vaults:4 | Killed Mennas
 41599 | Vaults:4 | Reached XP level 19. HP: 187/187 MP: 27/27
 42291 | D:5      | Bought the amulet "Waes" {Regen+ Str-3 Dex+9} for 694 gold
                  | pieces
 42505 | Orc:2    | Bought a scroll of magic mapping for 75 gold pieces
 42505 | Orc:2    | Bought a scroll of magic mapping for 75 gold pieces
 42505 | Orc:2    | Bought a scroll of blinking for 75 gold pieces
 42505 | Orc:2    | Bought a scroll of magic mapping for 75 gold pieces
 42511 | Orc:2    | Bought a potion of curing for 75 gold pieces
 42602 | Elf:1    | Entered Level 1 of the Elven Halls
 42618 | Elf:1    | Paralysed by an air elemental for 1 turns
 42857 | Elf:1    | You fall into a shaft and drop 1 floor!
 44002 | Elf:2    | Found a huge runed translucent gate.
 44002 | Elf:2    | Found a huge runed translucent gate.
 44013 | Elf:2    | Found a huge runed translucent gate.
 44122 | Elf:2    | Found a huge runed translucent gate.
 44122 | Elf:2    | Found a huge runed translucent gate.
 44788 | Elf:3    | Entered Level 3 of the Elven Halls
 44833 | Elf:3    | Reached skill level 14 in Invocations
 45621 | Elf:3    | Identified the +4 quarterstaff "Vepsaqac" {heavy, rElec rC-
                  | Will++}
 45805 | Elf:3    | Reached XP level 20. HP: 200/200 MP: 30/30
 46075 | Elf:3    | Reached skill level 15 in Throwing
 46075 | Elf:3    | Reached skill level 15 in Invocations
 46100 | Elf:3    | Got the Papyrus of Bright Relocation
 46115 | Elf:3    | Identified the staff of death "Xolewam" {Fly rF++ rC- rN+
                  | MP+9}
 46200 | Elf:3    | Identified the ring "Vithre" {Wiz rF+ rC- rCorr Dex+2}
 46509 | Depths:1 | Entered Level 1 of the Depths
 46677 | Depths:1 | Found a gateway to Hell.
 47258 | Depths:1 | Found Urokhlequss's Jewellery Boutique.
 47259 | Depths:1 | Found Xopadikh's Book Emporium.
 47259 | Depths:1 | Found Zieblij's Book Emporium.
 47788 | Depths:2 | Found a broken altar of Ashenzari.
 47991 | Depths:2 | Found a one-way gate leading to the halls of Pandemonium.
 48290 | Depths:3 | Noticed a golden dragon
 48290 | Depths:3 | Noticed a golden dragon
 48292 | Depths:3 | Noticed a juggernaut
 48295 | Depths:3 | Noticed a dread lich
 48299 | Depths:3 | Killed a golden dragon
 48300 | Depths:3 | Reached skill level 16 in Invocations
 48307 | Depths:3 | Killed a juggernaut
 48315 | Depths:3 | Killed a dread lich
 48374 | Depths:3 | Killed a golden dragon
 48864 | Depths:3 | Reached XP level 21. HP: 166/209 MP: 32/32
 49028 | Depths:3 | Found a corrupted altar of Lugonu.
 49029 | Depths:3 | Found a one-way gate to the infinite horrors of the Abyss.
 49306 | Depths:4 | Entered Level 4 of the Depths
 49507 | Depths:4 | Found a shimmering altar of Xom.
 49509 | Depths:4 | Found a basalt altar of Yredelemnul.
 49509 | Depths:4 | Found an iron altar of Okawaru.
 49515 | Depths:4 | Found a sparkling altar of Nemelex Xobeh.
 49515 | Depths:4 | Found an ornate altar of the Wu Jian Council.
 49515 | Depths:4 | Found an ancient bone altar of Kikubaaqudgha.
 49688 | Depths:4 | Found a runed translucent door.
 49692 | Depths:4 | Acquired the ring "Otwarche" {rPois rN+ Will+}
 49718 | Depths:4 | Found a one-way gateway to a ziggurat.
 49857 | Depths:4 | Found a gate to the Realm of Zot.
 50053 | Depths:4 | Found a portal to a secret trove of treasure.
 50622 | Depths:4 | Identified the +6 hand axe of Ancient Evil {drain, rElec
                  | rPois Dex+4}
 50964 | Crypt:1  | Entered Level 1 of the Crypt
 52144 | Crypt:3  | Entered Level 3 of the Crypt
 52249 | Crypt:3  | Got the Enchiridion on the Gift and the Crevasse
 52301 | Crypt:3  | Found a staircase to the Tomb.
 52420 | Crypt:3  | Reached skill level 17 in Invocations
 52430 | Crypt:3  | Noticed a curse toe
 52443 | Crypt:3  | Killed a curse toe
 52568 | Crypt:3  | Noticed an ancient lich
 52690 | Crypt:3  | Noticed a dread lich
 52696 | Crypt:3  | Killed a dread lich
 52697 | Crypt:3  | Reached XP level 22. HP: 210/220 MP: 33/33
 52720 | Crypt:3  | Identified the +1 lajatang "Demonbane" {elec, rPois rC+}
 52721 | Crypt:3  | Identified the +5 quarterstaff of the Gnashing Sybil {holy,
                  | rPois rN+ Will+ Str-3}
 52721 | Crypt:3  | Identified the +9 longbow of Syotzuwe {antimagic, rElec
                  | Str+2 Stlth-}
 52822 | Crypt:3  | Noticed a dread lich
 52846 | Crypt:3  | Killed an ancient lich
 52851 | Crypt:3  | Killed a dread lich
 52866 | Crypt:3  | Got the Encyclopedia of Anarchy
 52867 | Crypt:3  | Identified the +6 scale mail of Xuryel {Fly rElec Int+3
                  | Slay+2}
 52874 | Crypt:3  | Identified the amulet "Uroth" {Acrobat rPois Dex+2}
 53028 | Vaults:5 | Entered Level 5 of the Vaults
 53067 | Vaults:5 | Reached skill level 18 in Invocations
 53068 | Vaults:5 | Noticed a dread lich
 53112 | Vaults:5 | Killed a dread lich
 53113 | Vaults:5 | Reached skill level 19 in Invocations
 53162 | Vaults:5 | Noticed a dread lich
 53174 | Vaults:5 | Killed a dread lich
 53405 | Vaults:5 | Reached skill level 20 in Invocations
 53551 | Vaults:5 | Identified the staff of earth "Aclarex" {Str+3 Dex+3}
 53654 | Vaults:5 | Identified the +1 quarterstaff of the Baking Mosquito
                  | {chaos, Will+}
 53714 | Vaults:5 | Identified the +4 scale mail of Immorality {Harm rN+}
 53750 | Vaults:5 | Got a silver rune of Zot
 53899 | Vaults:5 | Identified the +0 plate armour of Vehumet's Envy {rN+}
 53997 | Vaults:5 | Identified the staff of earth "Hud Zeti" {rElec}
 54001 | Vaults:5 | Identified the ring "Arriuwom" {rF+ rC+ rN+ Str+2}
 54086 | Vaults:5 | Identified the +6 war axe of Liunid Jiyss {venom, +Blink}
 54436 | Orc:2    | Bought a scroll of fog for 40 gold pieces
 54771 | Depths:4 | You paid a toll of 7 scrolls of fog to enter a treasure
                  | trove
 54772 | Trove    | Entered a treasure trove
 54779 | Trove    | Identified the amulet "Kove" {Faith rC+}
 54782 | Trove    | Identified the ring of the Equinox {rF+ Will++ Str+3 Dex-3
                  | SInv}
 54790 | Trove    | Identified the ring "Yrchirowk" {Fly rCorr Int+6 Dex+4
                  | Stlth-}
 54792 | Trove    | Identified the ring "Ebyfri" {Ice Str+5}
 54795 | Trove    | Identified the ring of the Echidna {MP+9 Str+4}
 54805 | Trove    | Identified the ring of the Mackerel {rF++ rC- Will+ Stlth+}
 54807 | Trove    | Identified the ring "Qekkoocu" {Will+ AC+4}
 54809 | Trove    | Identified the ring "Ferhad" {rF- rC+ Str+4 Int+2 Slay-4}
 55203 | Slime:1  | Entered Level 1 of the Pits of Slime
 55229 | Slime:1  | Reached XP level 23. HP: 229/229 MP: 36/36
 55341 | Slime:4  | Gained mutation: You passively map a small area around you.
                  | [a shining eye]
 55366 | Slime:5  | Entered Level 5 of the Pits of Slime
 55383 | Slime:5  | Noticed the Royal Jelly
 55391 | Slime:5  | Reached skill level 21 in Invocations
 55398 | Slime:5  | Killed the Royal Jelly
 55503 | Slime:5  | Identified the +1 pair of gloves of the Pink Corner {rC+
                  | Dex-2 SInv}
 55510 | Slime:5  | Identified the +5 ring mail of the Grue {Dex+4}
 55526 | Slime:5  | Identified the staff of death "Zurrimmyu" {rN+ Will++}
 55528 | Slime:5  | Got a slimy rune of Zot
 55572 | Slime:5  | Identified the +4 scimitar "Hydra's Death Toll" {flame,
                  | rElec rPois Str-5}
 55576 | Slime:5  | Identified the ring of Wutta {EV+5 Int-3 SInv Stlth+}
 56058 | Depths:3 | Voluntarily entered the Abyss.
 56192 | Abyss:1  | Found a corrupted altar of Lugonu.
 56324 | Depths:3 | Escaped the Abyss
 56326 | Depths:3 | Voluntarily entered the Abyss.
 56375 | Abyss:3  | Reached skill level 22 in Invocations
 56396 | Abyss:3  | Found a corrupted altar of Lugonu.
 56424 | Abyss:3  | Found a corrupted altar of Lugonu.
 56558 | Depths:3 | Escaped the Abyss
 56564 | Depths:3 | Voluntarily entered the Abyss.
 56702 | Depths:3 | Escaped the Abyss
 56755 | Depths:3 | Voluntarily entered the Abyss.
 56759 | Abyss:3  | Noticed an ancient lich
 56771 | Abyss:3  | Killed an ancient lich
 56800 | Abyss:3  | Found a corrupted altar of Lugonu.
 56847 | Depths:3 | Escaped the Abyss
 56849 | Depths:3 | Voluntarily entered the Abyss.
 56871 | Abyss:3  | Found a corrupted altar of Lugonu.
 57026 | Abyss:3  | Reached skill level 23 in Invocations
 57033 | Abyss:3  | Noticed a dread lich
 57045 | Abyss:3  | Killed a dread lich
 57049 | Depths:3 | Escaped the Abyss
 57066 | Depths:3 | Voluntarily entered the Abyss.
 57101 | Abyss:3  | Found a corrupted altar of Lugonu.
 57283 | Depths:3 | Escaped the Abyss
 57285 | Depths:3 | Voluntarily entered the Abyss.
 57285 | Abyss:3  | Found a corrupted altar of Lugonu.
 57407 | Abyss:3  | Reached XP level 24. HP: 121/238 MP: 37/37
 57463 | Depths:3 | Escaped the Abyss
 57465 | Depths:3 | Voluntarily entered the Abyss.
 57478 | Abyss:3  | Found a corrupted altar of Lugonu.
 57488 | Abyss:3  | Found a corrupted altar of Lugonu.
 57505 | Abyss:3  | Found a corrupted altar of Lugonu.
 57515 | Abyss:3  | Found a glowing golden altar of the Shining One.
 57524 | Abyss:3  | Reached skill level 24 in Invocations
 57537 | Abyss:3  | Noticed a juggernaut
 57545 | Abyss:3  | Killed a juggernaut
 57553 | Abyss:3  | Got an abyssal rune of Zot
 57648 | Depths:3 | Escaped the Abyss
 57770 | Zot:1    | Entered Level 1 of the Realm of Zot
 57864 | Zot:1    | You fall into a shaft and drop 1 floor!
 57864 | Zot:2    | Noticed a dread lich
 57872 | Zot:2    | Killed a dread lich
 58645 | Zot:3    | Reached skill level 25 in Invocations
 59010 | Zot:4    | Reached XP level 25. HP: 247/248 MP: 38/38
 59201 | Zot:5    | Entered Level 5 of the Realm of Zot
 59583 | Zot:5    | Noticed a dread lich
 59593 | Zot:5    | Noticed an ancient lich
 59596 | Zot:5    | Killed a dread lich
 59607 | Zot:5    | Noticed an orb of fire
 59614 | Zot:5    | Gained mutation: Armour fits poorly on your strangely
                  | shaped body. [an orb of fire]
 59628 | Zot:5    | Gained mutation: You are clumsy. (Dex -2) [an orb of fire]
 59651 | Zot:5    | Killed an orb of fire
 59654 | Zot:5    | Killed an ancient lich
 59686 | Zot:5    | Lost mutation: Armour fits poorly on your strangely shaped
                  | body. [potion of mutation]
 59686 | Zot:5    | Lost mutation: You are clumsy. (Dex -2) [potion of
                  | mutation]
 59686 | Zot:5    | Lost mutation: You passively map a small area around you.
                  | [potion of mutation]
 59686 | Zot:5    | Gained mutation: Potions are less effective at restoring
                  | your health. [potion of mutation]
 59686 | Zot:5    | Gained mutation: Your system is resistant to poisons.
                  | (rPois) [potion of mutation]
 59686 | Zot:5    | Gained mutation: Your flesh is heat resistant. (rF+)
                  | [potion of mutation]
 59965 | Zot:5    | Noticed an ancient lich
 59972 | Zot:5    | Killed an ancient lich
 60117 | Zot:5    | Noticed an ancient lich
 60134 | Zot:5    | Killed an ancient lich
 60135 | Zot:5    | Reached skill level 26 in Invocations
 60182 | Zot:5    | Noticed a dread lich
 60197 | Zot:5    | Killed a dread lich
 60324 | Zot:5    | Noticed an orb of fire
 60334 | Zot:5    | Killed an orb of fire
 60354 | Zot:5    | Noticed a dread lich
 60364 | Zot:5    | Killed a dread lich
 60695 | Zot:5    | Noticed a dread lich
 60695 | Zot:5    | Noticed a dread lich
 60701 | Zot:5    | Killed a dread lich
 60701 | Zot:5    | Killed a dread lich
 60818 | Zot:5    | Reached skill level 27 in Invocations
 60830 | Zot:5    | Noticed an orb of fire
 60838 | Zot:5    | Killed an orb of fire
 60858 | Zot:5    | Got the Orb of Zot
 60899 | Zot:5    | Noticed Saakkead the pandemonium lord
 61222 | D:14     | Noticed Hubez the pandemonium lord
 61354 | D:4      | Noticed Hogacoif the pandemonium lord
 61467 | D:$      | Escaped with the Orb!

Illustrated notes

Levels and vault maps discovered:
D:1:      tekkud_arrival_beachfront_property, layout_basic
D:2:      layout_loops_ring, basic_altar, minmay_tetromino_t2
D:3:      layout_loops_corners, uniq_crazy_yiuf_cottage
D:4:      layout_gridville, nicolae_overflow_squiral
D:5:      layout_gridville, grunt_qazlal_clouds, serial_shops,
          nicolae_shop_just_a_little_nook, nicolae_shop_bloodbath_and_beyond,
          nicolae_shop_tiny_waterfront, nicolae_shop_pleasant_corner_grove,
          shop, uniq_sigmund
D:6:      layout_cave_pools, grunt_dithmenos_smoke, mainiacjoe_overflow_catwalk,
          temple_statues, portal_sewer_entry_b, minmay_bent, uniq_menkaure
D:7:      minmay_chambers_of_sevens, layout_basic, mainiacjoe_overflow_alcove_4,
          makhleb_grotto_becter, lemuel_crystal_altar
D:8:      layout_cave_pods, nicolae_overflow_crystal_walls, uniq_joseph
D:9:      layout_roguey, kennysheep_mini_moat, david_lair_generic,
          minmay_misc_feat_columns, chequers_serial_rivers_micro_a,
          uniq_gastronok, uniq_maurice
D:10:     layout_rooms, nzn_wu_jian_council_hall, vehumet_altar_wand_db,
          hellmonk_ghost_happy_afterlife
D:11:     layout_rooms, minmay_orc_entry_temple_small, nzn_life_drinkers
D:12:     cheibrodos_frozen_isle, layout_basic, serial_shops,
          nicolae_shop_peninsula, uniq_snorg, uniq_sonja, uniq_josephine
D:13:     layout_basic, david_vaults_2, chequers_big_river, fedhas_altar_4,
          uniq_nessos, uniq_jorgrun
D:14:     layout_irregular_city, nemelex_spade_bored_becter
D:15:     grunt_enter_depths_hoard, layout_stronghold, glass_columns_b,
          gammafunk_ghost_cemetery, zin_angel
Temple:   jpeg_temple_alley_garden
Lair:1:   beast_lair_carwin_large_1, layout_hall_layers,
          infiniplex_staircase_pool_2
Lair:2:   layout_gridlike, minmay_swamp_entry_eels, guppyfry_snake_entry_garden,
          lemuel_fruit_fields, grunt_megastairs_4, infiniplex_staircase_pool,
          serial_bayou_shore_a, uniq_prince_ribbit2
Lair:3:   dragon1_lemuel, layout_cave_pods
Lair:4:   layout_regular_city, dpeg_slime_entry_corner
Lair:5:   minmay_lair_end_enchanted_forest, layout_small_grid,
          lemuel_fruit_fields
Swamp:1:  layout_basic_swamp, evilmike_swamp_ruin_house_1
Swamp:2:  layout_basic_swamp, hangedman_swamp_lotus
Swamp:3:  layout_basic_swamp, basic_altar, swamp_pool1
Swamp:4:  nzn_swamp_witches_coven, layout_basic_swamp, swamp_pool1,
          cheibrodos_swamp_witchery
Snake:1:  layout_misc_corridors, uniq_roxanne, uniq_nikola
Snake:2:  layout_rooms, uniq_vashnia
Snake:3:  layout_misc_corridors
Snake:4:  snake_pit, layout_gridlike, uniq_louise
Slime:1:  layout_caves
Slime:2:  layout_caves
Slime:3:  layout_caves
Slime:4:  layout_caves
Slime:5
Orc:1:    layout_caves, serial_shops, shop
Orc:2:    st_orc_pillars, layout_caves, nicolae_shop_firing_range
Elf:1:    layout_geoelf_octagon, hangedman_elf_disciples
Elf:2:    elven_hall_of_blades_hangedman_alternative
          [nicolae_blade_entry_pointy_end], layout_gridlike
Elf:3:    minmay_elf_hall_hex, layout_rooms, minivault_28
Vaults:1: nicolae_vaults_big_angled_halls, nicolae_vaults_network_barrier,
          nicolae_vaults_little_squares_5, layout_vaults_omnigrid, serial_shops,
          shop
Vaults:2: nicolae_vaults_spaceships, nicolae_vaults_trapezoid_3, v_rooms_6,
          nicolae_vaults_layer_cake_slice, vaults_room_hallway,
          vaults_room_pool, vaults_mumra_chevron,
          nicolae_vaults_trapezoid_lopsided_1,
          minmay_crypt_entry_skeletal_spiral, v_pattern_4,
          nicolae_vaults_tangram_2, hangedman_vaults_slither,
          nicolae_vaults_little_squares_6, vaults_dpeg_cross,
          layout_vaults_omnibox, serial_shops, shop, uniq_margery
Vaults:3: v_alt_pattern_4, nicolae_vaults_ellipses_ellipsis,
          nicolae_vaults_shock_wave, nicolae_vaults_little_squares_6,
          nicolae_vaults_puzzle_piece, nicolae_vaults_gold_heap,
          nicolae_vaults_double_plus_1, nicolae_vaults_closet_pinwheel_5,
          hangedman_vaults_stitches, nicolae_vaults_tetromino_T_1,
          layout_vaults_chaotic_city, serial_shops, shop, uniq_sojobo
Vaults:4: portal_desolation_entry_twin_temple, hangedman_vaults_nails,
          nicolae_vaults_three_branches, nicolae_vaults_network_star,
          nicolae_vaults_double_plus_3, vaults_room_corners,
          nicolae_vaults_network_quincunx
          [nicolae_vaults_network_quincunx_subvault,
          nicolae_vaults_network_quincunx_subvault,
          nicolae_vaults_network_quincunx_subvault,
          nicolae_vaults_network_quincunx_subvault,
          nicolae_vaults_network_quincunx_subvault],
          nicolae_vaults_frosty_reception, nicolae_vaults_trapezoid_3,
          nicolae_vaults_trapezoid_3, layout_vaults_maze_bifur, uniq_mennas,
          uniq_zenata
Vaults:5
Crypt:1:  layout_misc_corridors
Crypt:2:  layout_misc_corridors, roderic_lattice_octagonal_star
Crypt:3:  david_glass_crypt, layout_rooms, beargit_elvish_explorers
Depths:1: layout_gridville, hell_entry, dk_noncrumbling_2, drop_trap,
          minmay_shop_grove
Depths:2: nicolae_hitomezashi [nicolae_hito_row, nicolae_hito_row,
          nicolae_hito_row, nicolae_hito_row, nicolae_hito_row,
          nicolae_hito_row, nicolae_hito_row, nicolae_hito_row,
          nicolae_hito_row, nicolae_hito_row, nicolae_hito_row,
          nicolae_hito_row, nicolae_hito_row, nicolae_hito_row,
          nicolae_hito_row, nicolae_hito_row, nicolae_hito_row,
          nicolae_hito_row], layout_long_grid, hangedman_geh_valley,
          grunt_pan_entry_in_and_out, evilmike_ruin_ashenzari
Depths:3: minmay_strange_plus, layout_gridlike, grunt_mini_vestibule,
          abyss_entry_flame_altar, infiniplex_staircase_hallway_doors
Depths:4: grunt_zot_entry_bicorn, layout_basic, enter_ziggurat_a, abyss_entry,
          rand_demon_pan_entry_1, pf_coc_iceberg, doesnt_xom_only_xom,
          nicolae_trove_entry_isolated, lightli_giant_bouncers
Zot:1:    layout_onion_interference
Zot:2:    hangedman_snap_crack_crunch, layout_onion
Zot:3:    hangedman_orp_of_zott, layout_concentric_octagons
Zot:4:    layout_onion_interference
Zot:5:    layout_misc_corridors

Skill      XL: |  1  2  3  4  5  6  7  8  9 10 11 12 13 14 15 16 17 18 19 20 21 22 23 24 25 |
---------------+----------------------------------------------------------------------------+-----
Axes           | 4 5 7 9 10 12 13 19 20 21 22 23 24 25 | 25.9
Fighting       | 5 7 8 13 14 15 17 18 20 22 23 24 25 | 25.0
Armour         | 3 2 8 13 14 15 16 17 18 19 20 21 23 24 25 | 25.0
Throwing       | 2 6 8 9 10 11 12 13 14 16 | 16.0
Invocations    | 6 9 10 11 12 13 14 16 17 20 23 25 27 | 27.0
Dodging        | 6 10 11 12 | 12.0

Action                     |  1- 3 |  4- 6 |  7- 9 | 10-12 | 13-15 | 16-18 | 19-21 | 22-24 | 25-27 || total
---------------------------+-------+-------+-------+-------+-------+-------+-------+-------+-------++-------
  Melee: Hand axe          |    74 |    43 |   299 |   571 |       |       |       |       |       ||   987
         Headbutt          |    12 |     6 |    79 |   266 |   168 |   238 |   345 |   373 |   103 ||  1590
         Executioner's axe |       |       |       |   563 |   813 |   996 |  1226 |  1172 |   323 ||  5093
  Throw: Stone             |     4 |     9 |    21 |    25 |       |       |       |       |       ||    59
         Dart              |       |       |     4 |   111 |     4 |       |       |       |       ||   119
         Boomerang         |       |       |       |    25 |    85 |     5 |    94 |    98 |    23 ||   330
         Throwing net      |       |       |       |     1 |       |       |       |       |       ||     1
         Javelin           |       |       |       |     6 |     7 |     9 |    10 |    14 |     1 ||    47
 Invoke: Sacrifice Skill   |       |       |     1 |       |       |       |       |       |       ||     1
         Sacrifice Experie |       |       |       |     2 |       |       |       |       |       ||     2
         Sacrifice Stealth |       |       |       |     1 |       |       |       |       |       ||     1
         Sacrifice Health  |       |       |       |     1 |       |       |       |       |       ||     1
         Sacrifice Arcana  |       |       |       |     1 |       |       |       |       |       ||     1
         Upheaval          |       |       |       |       |    12 |     6 |    11 |     4 |     1 ||    34
         Disaster Area     |       |       |       |       |     1 |     3 |     9 |     4 |     4 ||    21
         Elemental Force   |       |       |       |       |       |       |     1 |       |     1 ||     2
  Evoke: Wand              |       |       |       |     9 |     8 |     2 |       |     2 |     4 ||    25
         Phial of floods   |       |       |       |       |       |     1 |       |       |       ||     1
    Use: Scroll            |     1 |     1 |     6 |    20 |    10 |     5 |    14 |    14 |     3 ||    74
         Potion            |       |     2 |       |     4 |     6 |     1 |     2 |    24 |     8 ||    47
   Stab: Invisible         |       |       |       |     3 |       |     4 |       |       |     1 ||     8
         Distracted        |       |       |       |     1 |       |       |       |     2 |     4 ||     7
         Paralysed         |       |       |       |     1 |       |       |       |       |       ||     1
 Armour: Ring mail         |    25 |    20 |    42 |     8 |       |       |       |       |       ||    95
         Chain mail        |       |       |       |   350 |    32 |       |       |       |       ||   382
         Plate armour      |       |       |       |       |   181 |   194 |   299 |       |       ||   674
         Swamp dragon scal |       |       |       |       |    52 |    54 |       |       |       ||   106
         Gold dragon scale |       |       |       |       |       |       |   182 |   745 |   246 ||  1173
  Dodge: Dodged            |    36 |    34 |   173 |   439 |   202 |   264 |   447 |   346 |    82 ||  2023
         Repelled          |       |       |       |       |    26 |    13 |    28 |    23 |     4 ||    94
  Block: Other             |       |       |       |   157 |   321 |   387 |   271 |   338 |    81 ||  1555
         Orb               |       |       |       |    53 |       |       |       |       |       ||    53
         Reflection        |       |       |       |     8 |    30 |    54 |       |       |       ||    92
